 Dungeon Crawl Stone Soup version 0.25.1-2-g60ff931df9 (webtiles) character file.

Game seed: 11954245735709232279

164 gbos the Chopper (level 5, -8/46 HPs)
             Began as a Deep Dwarf Fighter on Nov 16, 2020.
             Killed by divine providence
             ... invoked by an orc priest
              (9 damage)
             ... on level 3 of the Dungeon.
             The game lasted 00:00:45 (1780 turns).

gbos the Chopper (Deep Dwarf Fighter)               Turns: 1780, Time: 00:00:46

Health: -8/46      AC:  6    Str: 20    XL:     5   Next: 21%
Magic:  5/5        EV:  7    Int:  9    God:
Gold:   82         SH:  9    Dex: 12    Spells: 4/4 levels left

rFire    . . .     SeeInvis .   Y - +2 war axe
rCold    . . .     Gourm    .   c - +0 kite shield
rNeg     . . .     Faith    .   b - +0 scale mail
rPois    .         Spirit   .   (no helmet)
rElec    .         Reflect  .   (no cloak)
rCorr    .         Harm     .   (no gloves)
MR       .....                  (no boots)
Stlth    ..........             (no amulet)
HPRegen  0.00/turn              (no ring)
MPRegen  0.09/turn              (no ring)

@: about to teleport, non-regenerating
A: damage resistance, heal wounds, sense surroundings 1, no regeneration
a: Heal Wounds


You were on level 3 of the Dungeon.
You were not hungry.

You visited 1 branch of the dungeon, and saw 3 of its levels.

You collected 82 gold pieces.


Innate Abilities, Weirdness & Mutations

You are resistant to damage.
You can heal yourself by infusing magical energy.
You passively map a small area around you.
You do not regenerate.


   Skills:
 - Level 2.6 Fighting
 + Level 5.9 Axes
 - Level 3.2 Armour
 - Level 1.0 Dodging
 - Level 3.2 Shields


You had 4 spell levels left.
You didn't know any spells.
Your spell library was empty.

Inventory:

Hand Weapons
 g - a +0 flail
 Y - a +2 war axe (weapon)
Armour
 b - a +0 scale mail (worn)
 c - a +0 kite shield (worn)
 e - a +0 pair of boots
Scrolls
 h - a scroll of identify
 k - 5 scrolls of remove curse
Potions
 d - a potion of might
 l - 2 potions of haste {unknown}
 m - a potion of curing {unknown}
 n - a potion of mutation {unknown}
 p - 2 potions of flight {unknown}
Comestibles
 a - 9 chunks of flesh
 f - 5 rations

Dungeon Overview and Level Annotations

Branches:
Dungeon (3/15)

Altars:
Trog

Annotations:
D:3 Grinder


Message History

You block the orc priest's attack. Something hits you but does no damage.
You block the orc priest's attack.
Your shield prevents you from hitting the orc priest.
The orc priest is heavily wounded.
You miss something.
The orc priest hits you with a +0 short sword.
Your shield and scale mail prevent you from hitting the orc priest.
The orc priest is heavily wounded.
Your shield and scale mail prevent you from hitting something.
The orc priest invokes the aid of Beogh against you.
Beogh smites you! You block something's attack.
The orc priest calls down the wrath of Beogh upon you.
Pain shoots through your body!
1780 ||| READING scroll of teleportation.
As you read the scroll of teleportation, it crumbles to dust.
You feel strangely unstable. Something hits you!
You writhe in agony.
The orc priest mumbles some strange prayers to Beogh against you.
Beogh smites you!
You die...

* .... # ,, ** ...#* #.#
##..# #.### ####...#
#..<# , ......# #.#.###
##...# #.#....
###.###....#######.#..#.
....ooo.......).[.......
*
##.###@#.#######.##..##
,** #{#.######...#.... *
#.#........#...... * , ,
#.########...##...
#.........#####.###... *
*#.#.#####.....[.......
... #.#####.###..( * *
,... *, #.# #... ,##.. ,
#.# #...


You could see 2 orc priests and an orc.

Vanquished Creatures
  Terence (D:3)
  7 adders
  An ooze (D:2)
  2 worms (D:2)
  4 leopard geckos
  2 orcs (D:3)
  4 bats
  5 giant cockroaches
  6 goblins
  9 hobgoblins
  2 jackals (D:2)
  A quokka (D:2)
  2 ball pythons
  5 frilled lizards
  2 kobolds
  7 rats
60 creatures vanquished.

Notes
Turn   | Place    | Note
-------+----------+-------------------------------------------
     0 | D:1      | gbos the Deep Dwarf Fighter began the quest for the Orb.
     0 | D:1      | Reached XP level 1. HP: 20/20 MP: 1/1
     0 | D:1      | 0 ||| counter = 93
   168 | D:1      | Reached skill level 3 in Axes
   168 | D:1      | Reached XP level 2. HP: 27/27 MP: 2/2
   215 | D:1      | Reached skill level 1 in Dodging
   539 | D:1      | Reached XP level 3. HP: 25/33 MP: 3/3
   765 | D:1      | 765 ||| READING 2 scrolls labeled SIHAPTIFFA.
   766 | D:1      | 766 ||| READING scroll labeled QOISAG XUPAS.
   767 | D:1      | 767 ||| READING scroll labeled YRPHYPLU ERUUB.
   768 | D:1      | 768 ||| READING scroll labeled AFEIXK VAIGU.
   769 | D:1      | 769 ||| READING scroll labeled URHIGOPRUD.
   774 | D:1      | 774 ||| READING scroll labeled EHEGASTR QYOWN.
   775 | D:1      | 775 ||| DROPPING scroll of fear.
   786 | D:2      | 786 ||| STAIRDANCE
   846 | D:2      | Reached skill level 4 in Axes
  1036 | D:2      | Reached XP level 4. HP: 26/40 MP: 4/4
  1309 | D:2      | Reached skill level 5 in Axes
  1401 | D:2      | 1401 ||| READING scroll of enchant weapon.
  1401 | D:2      | 1401 ||| ENCHANTING +1 war axe.
  1652 | D:2      | Found a bloodstained altar of Trog.
  1667 | D:2      | 1667 ||| READING scroll labeled AGRYSO HOEHOKO.
  1668 | D:2      | 1668 ||| DRINKING 3 orange potions.
  1669 | D:2      | 1669 ||| DRINKING 2 lumpy grey potions.
  1670 | D:2      | 1670 ||| DROPPING 2 potions of stabbing.
  1719 | D:3      | Noticed Terence
  1727 | D:3      | Killed Terence
  1727 | D:3      | Reached XP level 5. HP: 46/46 MP: 5/5
  1751 | D:3      | 1751 ||| DROPPING +0 club.
  1762 | D:3      | Noticed Grinder
  1772 | D:3      | 1772 ||| DRINKING potion of heal wounds.
  1779 | D:3      | HP: 8/46 [orc priest/divine providence (14)]
  1780 | D:3      | 1780 ||| READING scroll of teleportation.
  1780 | D:3      | HP: 1/46 [something (6)]
  1780 | D:3      | Killed from afar by an orc priest

Levels and vault maps discovered:
D:1:      kennysheep_arrival_seaside, layout_loops_ring, chequers_arboretum,
          minmay_pentomino_z4
D:2:      layout_basic, lightli_temple_of_fire, first_ration
D:3:      layout_loops_ring, st_stairs_3, uniq_terence, uniq_grinder

Skill      XL: |  1  2  3  4 |
---------------+-------------+-----
Axes           | 3 4 5 |  5.9
Dodging        | 1 |  1.0
Fighting       | |  2.6
Armour         | |  3.2
Shields        | |  3.2

Action                   |  1- 3 |  4- 6 || total
-------------------------+-------+-------++-------
Melee: War axe           |    92 |    93 ||   185
  Use: Scroll            |     6 |     3 ||     9
       Potion            |       |     3 ||     3
  Eat: Chunk             |     1 |     2 ||     3
Armor: Scale mail        |    26 |    41 ||    67
Dodge: Dodged            |    18 |    32 ||    50
Block: Kite shield       |    39 |    37 ||    76
